 Dungeon Crawl Stone Soup version 0.18.1-50-g88ac8fd (webtiles) character file.

788 unrecovered the Chiller (level 7, -18/51 HPs)
             Began as a Mottled Draconian Ice Elementalist on Oct 22, 2016.
             Demolished by an ogre
             ... wielding a +0 giant club
              (22 damage)
             ... on level 5 of the Dungeon on Oct 23, 2016.
             The game lasted 00:30:13 (6561 turns).

unrecovered the Chiller (DrIE)                      Turns: 6561, Time: 00:30:14

Health: -18/51     AC: 15    Str: 11    XL:     7   Next: 56%
Magic:  0/14       EV: 12    Int: 17    God:
Gold:   290        SH:  0    Dex: 11    Spells: 5 memorised, 2 levels left

rFire  + . .     SeeInvis .     l - +0 short sword
rCold  . . .     Gourm    .     (armour unavailable)
rNeg   . . .     Faith    .     (no shield)
rPois  .         Spirit   .     (helmet restricted)
rElec  .         Dismiss  .     (no cloak)
rCorr  .         Reflect  .     (no gloves)
SustAt .         Harm     .     b - +2 pair of boots
MR     .....                    (no amulet)
Stlth  +++.......               p - ring of protection from fire
                                e - ring of stealth

@: icy armour, very slightly contaminated, slow, not resistant to hostile
enchantments, fairly stealthy
A: breathe sticky flame splash, unfitting armour, cold-blooded, AC +6
a: Breathe Sticky Flame


You were on level 5 of the Dungeon.
You were hungry.

You visited 1 branch of the dungeon, and saw 5 of its levels.

You collected 290 gold pieces.

Inventory:

Hand Weapons
 j - a +0 mace
 l - a +0 short sword (weapon)
Armour
 b - a +2 pair of boots (worn)
Jewellery
 e - a ring of stealth (left hand)
 o - an uncursed ring of fire
 p - a ring of protection from fire (right hand)
Wands
 c - a wand of flame (21/48)
Scrolls
 f - 2 scrolls of fear
 h - a scroll of fog
 i - 3 scrolls of remove curse
 k - a scroll of teleportation
 n - a scroll of magic mapping {unknown}
Potions
 d - 4 potions of curing
 m - a potion of ambrosia
 r - a potion of heal wounds
 s - a potion of flight {unknown}
Comestibles
 g - a bread ration


   Skills:
 + Level 0.9 Fighting
 - Level 1.7 Dodging
 + Level 4.1 Stealth
 * Level 5.1 Spellcasting
 - Level 1.0 Conjurations
 * Level 6.0 Ice Magic


You had 2 spell levels left.
You knew the following spells:

 Your Spells              Type           Power        Failure   Level  Hunger
a - Freeze                Ice            ####         1%          1    None
b - Throw Frost           Conj/Ice       ###...       6%          2    #......
c - Ozocubu's Armour      Chrm/Ice       ##......     14%         3    ###....
d - Throw Icicle          Conj/Ice       ###.....     38%         4    ####...
e - Summon Ice Beast      Ice/Summ       ##......     45%         4    ####...


Dungeon Overview and Level Annotations

Branches:
Dungeon (5/15)
 Temple: D:4-7

Altars:
Elyvilon
Fedhas
Gozag
Makhleb
Pakellas
Qazlal

Annotations:
D:4 will825x's ghost, amateur FoFi


Innate Abilities, Weirdness & Mutations

You can spit globs of burning liquid.
You can ignite nearby creatures when you spit burning liquid.
Your weird mottled scales are hard (AC +6).
Your body does not fit into most forms of armour.
You are cold-blooded and may be slowed by cold attacks.


Message History

Aiming: Freeze
Press: ? - help, Shift-Dir - straight line, f/p - ogre
Aim: an ogre, wielding a giant club (moderately wounded)
You freeze the ogre.
The ogre is moderately wounded.
The ogre hits you with a giant club.
Casting: Freeze
Confirm with . or Enter, or press ? or * to list all spells.
Aiming: Freeze
Press: ? - help, Shift-Dir - straight line, f/p - ogre
Aim: an ogre, wielding a giant club (moderately wounded)
You freeze the ogre.
The ogre is severely wounded.
You hit the ogre.
The ogre is almost dead.
The ogre hits you with a giant club!!
Ouch! That really hurt!
* * * LOW HITPOINT WARNING * * *
The ogre hits you with a giant club!!
You die...

. #?. ..... .... ... . ..###..
...####.###...
.......####.#.........
....(...............#
....................# #
#.(.................#...
####..##.....>.......... #..
#...##.#......... ...#.. #.
##...##.#@#######+##...... #.
#...###.#O...##....#.....#
#..#...#...#.....#...........
#..........#.#...#...........
#...........<................
#.............................
..............................
....................#.#.......
?.....................#.......


You could see an ogre.

Vanquished Creatures
  An orc warrior (D:5)
  An ogre (D:4)
  Blork the orc (D:4)
  A scorpion (D:4)
  A giant frog skeleton (D:3)
  A hound (D:4)
  4 orc priests
  An orc wizard (D:3)
  2 iguanas (D:4)
  2 worker ants (D:5)
  3 gnolls
  7 adders
  An ooze (D:4)
  An adder skeleton (D:4)
  5 worms
  2 dart slugs
  2 giant geckos
  7 orcs
  10 bats
  8 giant cockroaches
  8 goblins
  7 hobgoblins
  2 jackals (D:3)
  6 kobolds
  A quokka (D:3)
  4 giant newts
  5 rats
94 creatures vanquished.

Notes
Turn   | Place    | Note
--------------------------------------------------------------
     0 | D:1      | unrecovered the Draconian Ice Elementalist began the quest for the Orb.
     0 | D:1      | Reached XP level 1. HP: 14/14 MP: 3/3
   197 | D:1      | Reached XP level 2. HP: 19/20 MP: 5/5
   201 | D:1      | Learned a level 2 spell: Throw Frost
  1371 | D:2      | Found a stormy altar of Qazlal.
  1391 | D:2      | Reached XP level 3. HP: 26/26 MP: 6/6
  1423 | D:2      | Learned a level 3 spell: Ozocubu's Armour
  1810 | D:2      | Found a blossoming altar of Fedhas.
  2231 | D:2      | Reached XP level 4. HP: 29/33 MP: 5/8
  2570 | D:2      | Reached skill level 4 in Ice Magic
  3459 | D:3      | Reached XP level 5. HP: 38/38 MP: 6/10
  3922 | D:3      | Found a white marble altar of Elyvilon.
  4763 | D:3      | Reached XP level 6. HP: 45/45 MP: 2/12
  4906 | D:4      | Reached skill level 5 in Ice Magic
  4921 | D:4      | Noticed will825x's ghost (amateur FoFi)
  5008 | D:4      | Found an opulent altar of Gozag.
  5292 | D:4      | Noticed Blork the orc
  5332 | D:4      | Killed Blork the orc
  5332 | D:4      | Your scales start taking on a weird mottled colour.
  5332 | D:4      | Reached XP level 7. HP: 18/50 MP: 2/13
  5581 | D:4      | Found a burning altar of Makhleb.
  5762 | D:5      | Entered Level 5 of the Dungeon
  5975 | D:5      | Found an oddly glowing altar of Pakellas.
  6118 | D:5      | Reached skill level 5 in Spellcasting
  6118 | D:5      | Reached skill level 6 in Ice Magic
  6395 | D:5      | Learned a level 4 spell: Throw Icicle
  6400 | D:5      | Learned a level 4 spell: Summon Ice Beast
  6561 | D:5      | Demolished by an ogre

Skill      XL: |  1  2  3  4  5  6  7 |
---------------+----------------------+-----
Stealth        | 2 3 4 |  4.1
Spellcasting   | 3 4 5 |  5.1
Ice Magic      | 4 5 6 |  6.0
Fighting       | |  0.9
Dodging        | |  1.7
Conjurations   | |  1.0

Action                   |  1- 3 |  4- 6 |  7- 9 || total
-------------------------+-------+-------+-------++-------
Melee: Unarmed           |     6 |       |       ||     6
       Tailslap          |     4 |    15 |     2 ||    21
       Mace              |    66 |    29 |       ||    95
       Dagger            |     4 |    18 |       ||    22
       Short sword       |       |   145 |    20 ||   165
 Cast: Freeze            |    25 |    50 |    19 ||    94
       Throw Frost       |    12 |    20 |    17 ||    49
       Ozocubu's Armour  |     1 |     7 |     1 ||     9
  Use: Potion            |     1 |     2 |       ||     3
       Scroll            |       |     8 |     1 ||     9
 Stab: Sleeping          |     4 |    10 |     1 ||    15
  Eat: Chunk             |     5 |     6 |     5 ||    16
       Bread ration      |       |     1 |       ||     1
Armor: Skin              |    40 |    70 |    11 ||   121
Dodge: Dodged            |    58 |   152 |    15 ||   225
